 Dungeon Crawl Stone Soup version 0.28.0-1-gb440e238dd (webtiles) character file.

Game seed: 10483552118732917736

91960 pkoi the Gelid (level 15, -9/99 HPs)
             Began as a Pale Draconian Ice Elementalist on Feb 25, 2022.
             Was an Elder of Sif Muna.
             Mangled by an anaconda simulacrum (26 damage)
             ... in an ice cave on Feb 26, 2022.
             The game lasted 01:18:55 (34928 turns).

pkoi the Gelid (Pale Draconian Ice Elementalist)   Turns: 34928, Time: 01:18:55

Health: -9/99      AC: 17    Str:  5    XL:     15   Next: 56%
Magic:  29/48      EV: 13    Int: 24    God:    Sif Muna [****..]
Gold:   1553       SH:  4    Dex: 11    Spells: 9/37 levels left

rFire   . . .      SeeInvis +   P - +6 rapier of Kismet {venom, Fragile rPois Will+}
rCold   . . .      Faith    .   q - +1 buckler "Ykuuverr" {Regen+ Str-5 Slay+3 SInv}
rNeg    . . .      Spirit   .   (armour unavailable)
rPois   +          Reflect  .   (helmet restricted)
rElec   .          Harm     .   t - +4 cloak of the Planets {MP+9}
rCorr   .          Rampage  .   e - +1 pair of gloves
Will    +++..                   f - +0 pair of boots
Stlth   ++........              I - amulet of regeneration
HPRegen 1.86/turn               Q - ring of magical power
MPRegen 0.31/turn               p - ring of willpower

@: slowed, constricted, very slow
A: breathe steam, AC +9, unfitting armour, cold-blooded, steam resistance
a: Breathe Steam, Renounce Religion, Channel Magic, Forget Spell, Divine
Exegesis


You were in an ice cave.
You worshipped Sif Muna.
Sif Muna was greatly pleased with you.
You visited 6 branches of the dungeon, and saw 26 of its levels.
You also visited: Sewer, Ossuary and Ice Cave.

You collected 1903 gold pieces.
You spent 350 gold pieces at shops.

Inventory:

Hand Weapons
 i - the +7 dagger of Wonderful Tender Mercy {holy, rN+}
   (You found it on level 2 of the Dungeon)

   It has been blessed by the Shining One to cause great damage to the undead
   and demons.
   rN:        It protects you from negative energy.
 P - the +6 rapier of Kismet (weapon) {venom, Fragile rPois Will+}
   (You found it on level 6 of the Lair of Beasts)

   It poisons the flesh of those it strikes.
   rPois:     It protects you from poison.
   Fragile:   It will be destroyed if unequipped.
   Will:      It increases your willpower.
Missiles
 z - 2 throwing nets
 L - 3 curare-tipped darts
Armour
 e - a +1 pair of gloves (worn)
 f - a +0 pair of boots (worn)
 q - the +1 buckler "Ykuuverr" (worn) {Regen+ Str-5 Slay+3 SInv}
   (You found it on level 3 of the Dungeon)

   Str:       It affects your strength (-5).
   Slay:      It affects your accuracy & damage with ranged weapons and melee
   (+3).
   SInv:      It lets you see invisible.
   Regen:     It increases your rate of health regeneration.
 t - the +4 cloak of the Planets (worn) {MP+9}
   (You acquired it on level 6 of the Dungeon)

   MP:        It affects your magic capacity (+9).
Jewellery
 a - a ring of positive energy
 p - a ring of willpower (right hand)
 I - an amulet of regeneration (around neck)
 J - a ring of fire
 O - a ring of resist corrosion
 Q - a ring of magical power (left hand)
Wands
 k - a wand of flame (26)
 u - a wand of polymorph (14)
 y - a wand of iceblast (20)
 B - a wand of acid (7)
 M - a wand of paralysis (11)
Scrolls
 c - a scroll of fear
 m - 6 scrolls of enchant armour
 o - a scroll of blinking
 r - 2 scrolls of silence
 w - 7 scrolls of identify
 x - a scroll of summoning
 E - a scroll of brand weapon
 N - a scroll of enchant weapon
Potions
 b - a potion of resistance
 d - 6 potions of invisibility
 g - 12 potions of curing
 h - 6 potions of haste
 j - 4 potions of heal wounds
 l - 2 potions of cancellation
 n - 7 potions of flight
 s - 8 potions of might
 v - 2 potions of magic
 A - 3 potions of brilliance
 D - a potion of berserk rage
 G - 2 potions of lignification


   Skills:
 - Level 12.0 Dodging
 - Level 3.0 Stealth
 + Level 11.5 Spellcasting
 + Level 13.3 Conjurations
 - Level 15.0 Ice Magic
 - Level 7.2 Air Magic
 - Level 9.6 Invocations


You had 9 spell levels left.
You knew the following spells:

 Your Spells              Type           Power      Damage    Failure   Level
a - Magic Dart            Conj           100%       1d8       1%          1
b - Frozen Ramparts       Ice            100%       1d12      1%          3
c - Ozocubu's Armour      Ice            72%        N/A       1%          3
d - Hailstorm             Conj/Ice       69%        3d14      1%          4
e - Freezing Cloud        Conj/Ice/Air   31%        6-21      1%          5
f - Iskenderun's Battles  Conj           67%        2d12      1%          5
g - Orb of Destruction    Conj           33%        9d10      22%         7

Your spell library contained the following spells:

 Spells                   Type           Power      Damage    Failure   Level
 Freeze                   Ice            100%       1d11      0%          1
 Shock                    Conj/Air       100%       1d9       1%          1
 Searing Ray              Conj           100%       2d8       1%          2
 Static Discharge         Conj/Air       59%        N/A       1%          2
 Dazzling Flash           Conj/Hex       90%        N/A       1%          3
 Mephitic Cloud           Conj/Pois/Air  46%        N/A       1%          3
 Stone Arrow              Conj/Erth      90%        3d12      1%          3
 Ice Form                 Ice/Tmut       49%        N/A       2%          4
 Wereblood                Tmut           13%        N/A       10%         2
 Irradiate                Conj/Tmut      22%        3d21      11%         5
 Summon Lightning Spire   Summ/Air       31%        N/A       14%         4
 Silence                  Hex/Air        15%        N/A       36%         5
 Agony                    Necr           13%        N/A       86%         5
 Dispersal                Tloc           6%         N/A       100%        6
 Disjunction              Tloc           6%         N/A       100%        8
 Necromutation            Tmut/Necr      6%         N/A       100%        8
 Chain Lightning          Conj/Air       29%        3d39      100%        9


Dungeon Overview and Level Annotations

Branches:
Dungeon (15/15)            Temple (1/1) D:4            Lair (6/6) D:10
  Swamp (0/4) Lair:2        Snake (1/4) Lair:3        Slime (0/5) Lair:6
    Orc (2/2) D:11            Elf (1/3) Orc:2        Vaults (0/5) D:13
  Sewer (visited)         Ossuary (visited)           IceCv (1/1)
 Depths: D:15

Altars:
Cheibriados
Dithmenos
Elyvilon
Fedhas
Gozag
Hepliaklqana
Kikubaaqudgha
Makhleb
Nemelex Xobeh
Okawaru
Qazlal
Ru
Sif Muna
Trog
Uskayaw
Vehumet
Xom
Yredelemnul
Zin
Beogh

Shops:
Orc:2 [(*:

Annotations:
D:4 2 transporters, Menkaure
Lair:1 exclusion: ice statue


Innate Abilities, Weirdness & Mutations

You can breathe blasts of scalding, opaque steam.
Your pale cyan-grey scales are hard. (AC +9)
You cannot fit into any form of body armour.
You are cold-blooded and may be slowed by cold attacks.
You are immune to the effects of steam.


Message History

There is an ice covered gate leading back out of this place here.
Casting: Ozocubu's Armour (safe; 1% risk of failure)
Confirm with . or Enter, or press ? or * to list all spells.
Casting: Hailstorm (safe; 1% risk of failure)
Press: ? - help, Dir - look around, f - activate A cannonade of hail descends around you!
The hail pelts the anaconda simulacrum!
The anaconda simulacrum partially resists.
The anaconda simulacrum is heavily damaged.
The anaconda simulacrum grabs you.
The anaconda simulacrum bites you but does no damage.
The anaconda simulacrum constricts you.
* * * LOW HITPOINT WARNING * * *
Unknown command.
Unknown command.
You feel much better.
You block the anaconda simulacrum's attack.
The anaconda simulacrum constricts you.
* * * LOW HITPOINT WARNING * * *
The anaconda simulacrum bites you.
* * * LOW HITPOINT WARNING * * *
The anaconda simulacrum freezes you!!
* * * LOW HITPOINT WARNING * * *
The anaconda simulacrum constricts you.
* * * LOW HITPOINT WARNING * * *
Casting: Hailstorm (safe; 1% risk of failure)
Confirm with . or Enter, or press ? or * to list all spells.
Okay, then.
Unknown command.
Unknown command.
You feel much better.
The anaconda simulacrum bites you but does no damage.
The anaconda simulacrum constricts you.
The freezing wraith hits you but does no damage.
The freezing wraith hits you!
* * * LOW HITPOINT WARNING * * *
The anaconda simulacrum bites you!
* * * LOW HITPOINT WARNING * * *
The anaconda simulacrum freezes you!!
You die...

#### ##..##
##
##....##..##
#....Z.....#
#.@ZZ.......
#..W....##..
##....###
##..## ####


You could see a freezing wraith, an anaconda simulacrum, an alligator simulacrum
and a dire elephant simulacrum.

Vanquished Creatures
  An orc warlord (Orc:2)
  Azrael (D:14)
  Josephine (Lair:4)
  Harold (D:7)
  4 boulder beetles
  4 hydras
  2 ogre magi (D:14)
  2 anacondas
  Erica (Lair:1)
  4 centaur warriors
  6 two-headed ogres
  2 death knights
  Urug (D:13)
  A death yak (Lair:1)
  Nergalle (Orc:2)
  Sonja (Lair:5)
  An orc high priest (Orc:2)
  4 skeletal warriors
  A goliath frog (Lair:6)
  3 orc knights (Orc:2)
  A deep elf pyromancer (D:12)
  4 deep elf zephyrmancers
  6 cyclopes
  3 ugly things
  3 orc sorcerers
  3 manticores
  12 black mambas
  2 molten gargoyles (Lair:4)
  2 gargoyles
  Psyche (D:8)
  24 cane toads
  4 unseen horrors
  An efreet (D:14)
  Maggie (D:6)
  6 rime drakes
  8 komodo dragons
  A freezing wraith (D:12)
  A tengu conjurer (D:14)
  5 trolls
  3 polar bears
  29 blink frogs
  A hornet (D:9)
  Grinder (D:5)
  4 slime creatures (D:14)
  4 tyrant leeches (Lair:6)
  Sigmund (D:6)
  A spriggan (D:14)
  2 water elementals (D:13)
  A centaur simulacrum (D:14)
  A spriggan (shapeshifter) (D:13)
  4 wraiths
  41 yaks
  3 wyverns
  15 humans
  6 fire elementals
  5 basilisks
  17 vampire mosquitoes
  A death yak simulacrum (Lair:1)
  2 steam dragons
  Edmund (D:6)
  A harpy simulacrum (Lair:1)
  An acid dragon (D:11)
  4 nagas
  A warg (Orc:2)
  3 hell hounds (D:14)
  20 water moccasins
  Duvessa (D:6)
  2 black bears
  A sky beast (D:5)
  2 ice beasts (D:4)
  28 orc warriors
  A necrophage (D:5)
  17 wolves
  9 centaurs
  14 ogres
  2 phantoms
  5 kobold brigands
  Blork the orc (D:5)
  23 bullfrogs
  2 scorpions
  A wyvern skeleton (D:7)
  A water moccasin skeleton (D:4)
  Dowan (D:6)
  2 elephant simulacra (Lair:1)
  3 wights (D:4)
  4 electric eels
  6 howler monkeys
  5 lava snakes (Lair:4)
  2 centaur zombies
  5 hounds
  20 orc priests
  3 jellies (Lair:6)
  A gnoll shaman (D:9)
  Crazy Yiuf (D:7)
  A bullfrog skeleton (D:4)
  2 iguanas
  A centaur skeleton (D:7)
  Natasha (thrice) (D:2)
  20 orc wizards
  A killer bee zombie (D:9)
  4 mummies (Ossuary)
  4 adders
  9 gnolls
  A river rat (Sewer)
  A shadow imp (D:6)
  2 white imps
  6 worms
  A dart slug (D:4)
  61 orcs
  7 bats
  8 endoplasms
  4 giant cockroaches
  A gnoll zombie (Ossuary)
  13 goblins
  9 hobgoblins
  12 jackals
  20 kobolds
  5 quokkas
  5 ball pythons
  3 frilled lizards
  3 hobgoblin zombies (Ossuary)
  2 kobold zombies (Ossuary)
  An orc zombie (Ossuary)
  A quokka skeleton (D:4)
  6 rats
683 creatures vanquished.

Vanquished Creatures (others)
  A two-headed ogre (D:13)
  A naga mage (Snake:1)
  A human (D:13)
  An orc (D:13)
  2 bushes (Lair:6)
  64 fungi
  147 plants
217 creatures vanquished.

Grand Total: 900 creatures vanquished

Notes
Turn   | Place    | Note
-------+----------+-------------------------------------------
     0 | D:1      | pkoi the Draconian Ice Elementalist began the quest for the
                  | Orb.
     0 | D:1      | Reached XP level 1. HP: 14/14 MP: 3/3
   168 | D:1      | Reached XP level 2. HP: 8/20 MP: 0/5
  1242 | D:1      | Reached XP level 3. HP: 25/26 MP: 3/6
  1248 | D:1      | Learned a level 3 spell: Frozen Ramparts
  1794 | D:2      | Noticed Natasha
  1801 | D:2      | Killed Natasha
  2120 | D:2      | Noticed Natasha
  2336 | D:2      | Killed Natasha
  2337 | D:2      | Reached XP level 4. HP: 24/33 MP: 1/8
  2948 | D:2      | Found a faded altar of an unknown god.
  2955 | D:2      | Got Plato's Reference Book on Lightness
  3013 | D:2      | Identified the +7 dagger of Wonderful Tender Mercy {holy,
                  | rN+}
  3077 | D:2      | Noticed Natasha
  3093 | D:2      | Killed Natasha
  3094 | D:2      | Reached skill level 5 in Ice Magic
  3094 | D:2      | Reached XP level 5. HP: 12/38 MP: 3/9
  4171 | D:3      | Found a glowing drain.
  4191 | Sewer    | Entered a sewer
  4567 | Sewer    | Reached skill level 6 in Ice Magic
  4567 | Sewer    | Reached XP level 6. HP: 22/45 MP: 6/10
  4731 | Sewer    | Learned a level 3 spell: Ozocubu's Armour
  4794 | Sewer    | Found a white marble altar of Elyvilon.
  5244 | D:3      | Identified the +1 buckler "Ykuuverr" {Regen+ Str-5 Slay+3
                  | SInv}
  5627 | D:4      | Reached skill level 7 in Ice Magic
  5737 | D:4      | Noticed a water moccasin
  5742 | D:4      | Killed a water moccasin
  5743 | D:4      | Your scales start taking on a pale cyan-grey colour.
  5743 | D:4      | Reached XP level 7. HP: 43/50 MP: 4/11
  5743 | D:4      | Gained mutation: You are immune to the effects of steam.
                  | [Pale Draconian growth]
  5855 | D:4      | Found a transporter.
  5862 | D:4      | Reached skill level 8 in Ice Magic
  5915 | D:4      | Found a transporter.
  5916 | D:4      | Found an ancient bone altar of Kikubaaqudgha.
  5920 | D:4      | Noticed Menkaure
  5926 | D:4      | Found a basalt altar of Yredelemnul.
  5992 | D:4      | Found a staircase to the Ecumenical Temple.
  6018 | D:4      | Reached skill level 9 in Ice Magic
  6186 | D:4      | Found a sand-covered staircase.
  6195 | Ossuary  | Entered an ossuary
  6235 | Ossuary  | Reached XP level 8. HP: 57/57 MP: 12/12
  6244 | Ossuary  | Learned a level 4 spell: Hailstorm
  6627 | D:4      | Reached skill level 1 in Conjurations
  7162 | D:5      | Entered Level 5 of the Dungeon
  7217 | Temple   | Entered the Ecumenical Temple
  7225 | Temple   | Became a worshipper of Sif Muna the Loreminder
  7374 | D:5      | Noticed Blork the orc
  7384 | D:5      | Killed Blork the orc
  7580 | D:5      | Reached skill level 10 in Ice Magic
  7830 | D:5      | Noticed Grinder
  7840 | D:5      | Killed Grinder
  8316 | D:6      | Reached XP level 9. HP: 50/62 MP: 7/14
  8578 | D:6      | Noticed Maggie
  8593 | D:6      | Killed Maggie
  8594 | D:6      | Reached skill level 5 in Conjurations
  8669 | D:6      | Noticed Dowan
  8676 | D:6      | Identified a scroll of acquirement
  8676 | D:6      | Acquired the +4 cloak of the Planets {MP+9}
  8752 | D:6      | Noticed Duvessa
  8757 | D:6      | Killed Duvessa
  8762 | D:6      | Reached skill level 11 in Ice Magic
  8762 | D:6      | Killed Dowan
  8914 | D:6      | Reached skill level 5 in Spellcasting
  9305 | D:6      | Noticed Edmund
  9314 | D:6      | Killed Edmund
  9439 | D:6      | Found a radiant altar of Vehumet.
  9467 | D:6      | Noticed Sigmund
  9476 | D:6      | Killed Sigmund
  9477 | D:6      | Reached XP level 10. HP: 69/69 MP: 17/17
  9777 | D:7      | Found a shadowy altar of Dithmenos.
  9783 | D:7      | Found a snail-covered altar of Cheibriados.
  9816 | D:7      | Reached XP level 11. HP: 74/74 MP: 18/18
  9936 | D:7      | Noticed Harold
  9947 | D:7      | Killed Harold
  9947 | D:7      | Reached * piety under Sif Muna
 10358 | D:7      | Found a runed translucent door.
 10359 | D:7      | Noticed Crazy Yiuf
 10464 | D:7      | Killed Crazy Yiuf
 10594 | D:8      | Noticed Psyche
 10599 | D:8      | Killed Psyche
 10600 | D:8      | Reached skill level 12 in Ice Magic
 11019 | D:8      | Found a sacrificial altar of Ru.
 11218 | D:8      | Reached ** piety under Sif Muna
 11721 | D:9      | Noticed a brown ugly thing
 11727 | D:9      | Killed a brown ugly thing
 12016 | D:9      | Reached skill level 10 in Dodging
 13078 | D:10     | Entered Level 10 of the Dungeon
 13488 | D:10     | Found a staircase to the Lair.
 14395 | D:11     | Found a staircase to the Orcish Mines.
 14783 | D:11     | Noticed a death knight
 14927 | Lair:1   | Entered Level 1 of the Lair of Beasts
 15244 | Lair:1   | Reached *** piety under Sif Muna
 15307 | Lair:1   | Reached XP level 12. HP: 81/81 MP: 21/21
 15353 | Lair:1   | Reached skill level 13 in Ice Magic
 15377 | Lair:1   | Noticed a death yak
 15390 | Lair:1   | Killed a death yak
 16209 | Lair:1   | Reached skill level 1 in Invocations
 16483 | Lair:1   | Noticed Erica
 16493 | Lair:1   | Killed Erica
 16494 | Lair:1   | Reached skill level 10 in Conjurations
 17035 | Lair:2   | Reached **** piety under Sif Muna
 17717 | Lair:2   | Found a staircase to the Swamp.
 17821 | Lair:2   | You fall into a shaft and drop 1 floor!
 18204 | Lair:3   | Reached skill level 14 in Ice Magic
 18313 | Lair:3   | Reached XP level 13. HP: 86/86 MP: 20/23
 18881 | Lair:3   | Found a staircase to the Snake Pit.
 20825 | Lair:4   | Noticed Josephine
 20837 | Lair:4   | Killed Josephine
 21806 | Lair:5   | Noticed Sonja
 22074 | Lair:5   | Killed Sonja
 22466 | Lair:5   | Reached skill level 5 in Invocations
 22829 | Lair:5   | Reached ***** piety under Sif Muna
 23304 | Lair:6   | Entered Level 6 of the Lair of Beasts
 23323 | Lair:6   | Received a gift from Sif Muna
 23324 | Lair:6   | Got Sif Muna's Collected Works on Congealing Conjuration
                  | {god gift}
 24063 | Lair:6   | Found a staircase to the Slime Pits.
 24182 | Lair:6   | Reached XP level 14. HP: 93/93 MP: 26/26
 24352 | Lair:6   | Identified the +6 rapier of Kismet {venom, Fragile rPois
                  | Will+}
 25206 | Lair:6   | Reached skill level 15 in Ice Magic
 25225 | Lair:6   | Learned a level 5 spell: Freezing Cloud
 25554 | D:11     | Reached skill level 1 in Air Magic
 26212 | D:12     | Received a gift from Sif Muna
 26213 | D:12     | Got Temn's Papyrus of Transformation {god gift}
 26764 | D:13     | Noticed Urug
 26764 | D:13     | Found a gate to the Vaults.
 26866 | D:13     | Killed Urug
 27750 | D:13     | Learned a level 1 spell: Shock
 27756 | D:13     | Learned a level 5 spell: Iskenderun's Battlesphere
 27908 | D:13     | Reached skill level 5 in Air Magic
 27924 | D:13     | Reached skill level 10 in Spellcasting
 29530 | D:14     | Found a hazy altar of Hepliaklqana.
 29532 | D:14     | Found a faded altar of an unknown god.
 29832 | D:14     | Noticed Azrael
 29842 | D:14     | Reached XP level 15. HP: 69/99 MP: 29/29
 29847 | D:14     | Killed Azrael
 30161 | D:14     | Received a gift from Sif Muna
 30163 | D:14     | Got Sif Muna's Disquisition on Excruciating Creation {god
                  | gift}
 30178 | D:14     | Learned a level 7 spell: Orb of Destruction
 30757 | D:15     | Entered Level 15 of the Dungeon
 30898 | Orc:1    | Entered Level 1 of the Orcish Mines
 31344 | Orc:2    | Entered Level 2 of the Orcish Mines
 31523 | Orc:2    | Learned a level 1 spell: Magic Dart
 31647 | Orc:2    | Found a staircase to the Elven Halls.
 32163 | Orc:2    | Noticed an orc warlord
 32171 | Orc:2    | Noticed Nergalle
 32198 | Orc:2    | Killed an orc warlord
 32643 | Orc:2    | Killed Nergalle
 32939 | Orc:2    | Found Exeagurgh's Antique Armour Boutique.
 32944 | Orc:2    | Found Gatampicku's General Store.
 33061 | Orc:2    | Found Fehadomo's Book Boutique.
 33063 | Orc:2    | Found Nuw Apuh's Antique Weapon Boutique.
 33086 | Orc:2    | Bought 2 scrolls of blinking for 210 gold pieces
 33086 | Orc:2    | Bought 2 potions of heal wounds for 140 gold pieces
 34147 | Elf:1    | Entered Level 1 of the Elven Halls
 34803 | Snake:1  | Entered Level 1 of the Snake Pit
 34803 | Snake:1  | Found a frozen archway.
 34920 | Snake:1  | HP: 1/99 [poisoned by a naga ritualist (toxic radiance)]
 34923 | IceCv    | Entered an ice cave
 34927 | IceCv    | HP: 4/99 [constriction (1)]
 34928 | IceCv    | Mangled by an anaconda simulacrum

Illustrated notes

Levels and vault maps discovered:
D:1:      dpeg_arrival_boxorama, layout_basic, minmay_split_cup_large
D:2:      wad_pebble_path, layout_basic, shapermc_ecumenical_altar_rom_forum,
          chequers_serial_rivers_small_a, uniq_natasha
D:3:      layout_basic, cheibrodos_sewer_entry_bend
D:4:      layout_loops_corners, gammafunk_temple_of_torment,
          minmay_temple_entry_slanted, nicolae_ossuary_entry_ruins
D:5:      layout_basic, uniq_grinder, uniq_blork_the_orc
D:6:      layout_basic, mainiacjoe_overflow_alcove_2, grunt_decor_cap,
          uniq_edmund, uniq_duvessa, uniq_maggie, uniq_sigmund
D:7:      layout_loops_ring, grunt_temple_overflow_open,
          uniq_crazy_yiuf_cottage, uniq_harold
D:8:      layout_gridville, nicolae_ru_great_annihilating_truth, uniq_psyche
D:9:      layout_basic
D:10:     layout_roguey, dpeg_oklobed_lair, lightli_minifort
D:11:     layout_irregular_city, erik_orc_4, kennysheep_path_1
D:12:     layout_loops_cross
D:13:     layout_basic, david_vaults_3, minmay_bent
D:14:     layout_roguey, serial_bayou_lagoon_a, gauntlet_entry_generic,
          serial_glass, glass_columns_c, glass_columns_b, feat_on_display,
          feat_on_display, minmay_strange_pillars,
          beargit_hepliaklqana_dungeon_heroes, uniq_azrael
D:15:     grunt_enter_depths_magical_seal, layout_cave_pods, serial_park_square1
          [serial_park_minivault_5x5_1]
Temple:   nicolae_temple_x_marks_the_god
Lair:1:   dreamdust_isle_of_ice, layout_cave_pods, grunt_megastairs_1,
          uniq_erica
Lair:2:   layout_gridlike, swamp_mist, beast_lair_carwin_10,
          infiniplex_staircase_pool
Lair:3:   layout_regular_city, minmay_snake_entry_guardpost_small
Lair:4:   cheibrodos_magma_flow, layout_cave_shapes, minivault_11,
          hangedman_lair_unloving_vines, uniq_josephine
Lair:5:   layout_layer_cave, chequers_serial_rivers_large_a, uniq_sonja
Lair:6:   minmay_lair_end_frog_pond, layout_long_grid,
          nicolae_slime_entry_slimehenge
Snake:1:  cheibrodos_forgotten_conduit, layout_rooms, serial_shops,
          nicolae_shop_stone, portal_ice_cave_entry_pillars_three,
          lemuel_fruit_tree
Orc:1:    layout_caves, nicolae_orc_lost_temple, uniq_urug
Orc:2:    grunt_orc_cross, layout_diamond_mine
Elf:1:    elf_arrival_002, layout_onion_city, minmay_elf_necromancy, drop_trap,
          uniq_agnes
IceCv:    ice_cave_small_necro

Skill      XL: |  1  2  3  4  5  6  7  8  9 10 11 12 13 14 15 |
---------------+----------------------------------------------+-----
Stealth        | 2 3 |  3.0
Dodging        | 2 9 10 11 12 | 12.0
Ice Magic      | 5 6 7 9 10 11 12 14 15 | 15.0
Spellcasting   | 3 5 6 7 8 10 11 | 11.5
Conjurations   | 4 6 7 9 10 11 12 13 | 13.3
Invocations    | 3 6 9 |  9.6
Air Magic      | 6 7 |  7.2

Action                   |  1- 3 |  4- 6 |  7- 9 | 10-12 | 13-15 || total
-------------------------+-------+-------+-------+-------+-------++-------
Melee: Whip              |    30 |    24 |       |       |       ||    54
       Tailslap          |     6 |    14 |    16 |    48 |    55 ||   139
       Punch             |     1 |     1 |       |       |       ||     2
       Dagger            |       |   109 |   146 |   265 |   174 ||   694
       Rapier            |       |       |       |       |   139 ||   139
 Cast: Freeze            |    42 |    11 |     5 |     7 |     8 ||    73
       Frozen Ramparts   |     1 |    12 |    19 |    69 |   112 ||   213
       Ozocubu's Armour  |       |     4 |    19 |    66 |   108 ||   197
       Hailstorm         |       |       |     3 |    63 |    66 ||   132
       Freezing Cloud    |       |       |       |       |   140 ||   140
       Shock             |       |       |       |       |    39 ||    39
       Iskenderun's Batt |       |       |       |       |    33 ||    33
       Magic Dart        |       |       |       |       |   115 ||   115
Invok: Channel Magic     |       |       |       |       |     1 ||     1
       Forget Spell      |       |       |       |       |     1 ||     1
 Abil: Breathe Steam     |       |       |     6 |    12 |    17 ||    35
Evoke: Wand              |       |       |       |     1 |       ||     1
  Use: Scroll            |     3 |     5 |     4 |    13 |     7 ||    32
       Potion            |       |       |       |     1 |     4 ||     5
 Stab: Distracted        |       |     1 |     3 |       |       ||     4
       Sleeping          |       |       |     7 |     3 |       ||    10
       Paralysed         |       |       |       |     1 |       ||     1
Armor: Skin              |    27 |    42 |    53 |   135 |   227 ||   484
Dodge: Dodged            |    47 |    95 |    62 |   249 |   388 ||   841
Block: Buckler           |       |     5 |    23 |    60 |    84 ||   172
